 Dungeon Crawl Stone Soup version 0.24-a0-282-g1a68c91 (webtiles) character file.

Game seed: 2658502842680087811

1111 mhoghedin the Skirmisher (level 8, -1/61 HPs)
             Began as a Vampire Fighter on May 3, 2019.
             Was a Priest of Qazlal.
             Slain by an orc
             ... wielding a +0 mace
              (3 damage)
             ... on level 5 of the Dungeon.
             The game lasted 00:09:37 (4018 turns).

mhoghedin the Skirmisher (Vampire Fighter)          Turns: 4018, Time: 00:09:37

Health: -1/61      AC: 11    Str: 17    XL:     8   Next: 11%
Magic:  10/10      EV:  9    Int: 14    God:    Qazlal [***...]
Gold:   151        SH: 13    Dex: 13    Spells: 7/7 levels left

rFire    . . .     SeeInvis +   a - +0 long sword
rCold    . . .     Gourm    .   c - +0 shield
rNeg     . . .     Faith    .   b - +0 scale mail
rPois    .         Spirit   .   l - +0 helmet {Int+3}
rElec    .         Reflect  .   (no cloak)
rCorr    .         Harm     .   f - +2 pair of gloves
MR       .....                  (no boots)
Stlth    ..........             (no amulet)
HPRegen  0.40/turn              (no ring)
MPRegen  0.12/turn              (no ring)

@: regenerating quickly
A: fangs 3, see invisible, unbreathing
a: Upheaval, Elemental Force, Renounce Religion


You were on level 5 of the Dungeon.
You worshipped Qazlal.
Qazlal was most pleased with you.
You were full.

You visited 1 branch of the dungeon, and saw 5 of its levels.

You collected 151 gold pieces.

Inventory:

Hand Weapons
 a - a +0 long sword (weapon)
Armour
 b - a +0 scale mail (worn)
 c - a +0 shield (worn)
 f - a +2 pair of gloves (worn)
   (You found it on level 1 of the Dungeon)
 l - a +0 helmet of intelligence (worn)
   (You took it off Robin on level 2 of the Dungeon)
Wands
 n - a wand of paralysis (9)
   (You found it on level 3 of the Dungeon)
 t - a wand of acid (3)
   (You found it on level 4 of the Dungeon)
Scrolls
 e - 4 scrolls of remove curse
 g - 2 scrolls of teleportation
 p - a scroll of random uselessness {unknown}
 s - 2 scrolls of identify
 v - a scroll of noise {unknown}
Potions
 d - a potion of might
 h - a potion of resistance {unknown}
 i - a potion of degeneration {unknown}
 j - a potion of lignification {unknown}
 k - 2 potions of heal wounds {unknown}
 m - a potion of agility {unknown}
 o - a potion of curing
 q - 17 potions of blood {@q1}
 r - a potion of cancellation {unknown}
 u - a potion of berserk rage {unknown}


   Skills:
 + Level 4.4 Fighting
 + Level 4.3 Long Blades
 + Level 4.1 Armour
 + Level 4.0 Dodging
 + Level 4.4 Shields
 + Level 3.0 Invocations


You had 7 spell levels left.
You didn't know any spells.
Your spell library was empty.

Dungeon Overview and Level Annotations

Branches:
Dungeon (5/15)
 Temple: D:4-7

Altars:
Qazlal

Shops:
D:4 (

Annotations:
D:3 1 runed translucent door
D:4 2 transporters, no0bjke's ghost, amateur GrFi


Innate Abilities, Weirdness & Mutations

Your natural rate of healing is unusually fast.
You have razor-sharp teeth.
You have supernaturally acute eyesight. (SInv)
You can survive without breathing.


Message History

Beogh smites you!
You take 13 damage, and have 39/61 hp.
MASSIVE DAMAGE!!
You hit the orc priest but do no damage.
The orc barely misses you.
You riposte.
You hit the orc.
The orc priest hits you with a cursed -1 club.
You take 2 damage, and have 37/61 hp.
You barely miss the orc priest.
You bite the orc priest, but do no damage.
The orc wizard hits you but does no damage.
The orc hits you with a +0 mace.
The orc wizard gestures wildly while chanting.
The orc wizard flickers and vanishes for a moment.
You block the orc priest's attack. The orc wizard closely misses you.
You riposte.
You slash the orc wizard!
You kill the orc wizard!
Qazlal accepts your kill.
Your Dodging skill increases to level 4!
You block the orc wizard's attack.
You take 3 damage, and have 34/61 hp.
You hit the orc priest but do no damage.
You block the orc's attack.
The orc priest hits you but does no damage.
You block the orc wizard's attack.
You closely miss the orc priest. You block the orc's attack.
The orc priest mumbles some strange prayers to Beogh against you.
Beogh smites you!
The orc wizard hits you but does no damage.
You take 13 damage, and have 22/61 hp.
MASSIVE DAMAGE!!
Unknown command.
You slash the orc priest!
You kill the orc priest!
Qazlal accepts your kill. You block the orc's attack.
The orc wizard gestures at you while chanting.
The magic dart hits you.
* * * LOW HITPOINT WARNING * * *
You block the orc's attack.
You take 4 damage, and have 18/61 hp.
You block the orc wizard's attack.
Things that are here:
a cursed -1 club; a +0 chain mail; an orc corpse You hit the orc wizard.
The orc wizard closely misses you. The orc hits you but does no damage.
You hit the orc wizard.
You bite the orc wizard, but do no damage.
You block the orc wizard's attack. The orc hits you but does no damage.
The orc wizard hits you but does no damage.
You slash the orc wizard! Your bite misses the orc wizard.
The orc wizard misses you. The orc barely misses you.
Your scale mail prevents you from hitting the orc wizard.
The orc wizard points at you and mumbles some strange words.
You are confused.
The orc hits you but does no damage.
A jackal comes into view.
Unknown command.
Unknown command.
Unknown command.
You hit the orc wizard.
You kill the orc wizard!
Qazlal accepts your kill.
Your Invocations skill increases to level 3!
The orc closely misses you.
You bump into the rock wall.
The orc hits you but does no damage.
You bump into the rock wall.
The orc hits you but does no damage.
Things that are here:
a cursed +0 dagger; a +0 robe You bump into the rock wall.
The jackal bites you. The orc hits you with a +0 mace!
* * * LOW HITPOINT WARNING * * *
The jackal bites you but does no damage.
You take 8 damage, and have 12/61 hp.
The orc hits you with a +0 mace.
* * * LOW HITPOINT WARNING * * *
Things that are here:
a +0 dagger; a +0 robe You take 2 damage, and have 10/61 hp.
You feel less confused.
The jackal bites you but does no damage.
You block the jackal's attack.
Yummy - fresh blood!
You block the jackal's attack. You block the orc's attack.
You barely miss the jackal. Your bite misses the jackal.
The jackal closely misses you.
You riposte.
You hit the jackal.
You kill the jackal!
Qazlal accepts your kill. The orc hits you but does no damage.
The orc barely misses you.
Things that are here:
a cursed +0 dagger; a +0 robe You closely miss the orc.
You block the orc's attack.
You hit the orc. The orc hits you with a +0 mace.
* * * LOW HITPOINT WARNING * * *
You take 4 damage, and have 7/61 hp.
You barely miss the orc. The orc hits you but does no damage.
You hit the orc. The orc hits you with a +0 mace.
* * * LOW HITPOINT WARNING * * *
You take 6 damage, and have 1/61 hp.
Yummy - fresh blood!
The orc hits you with a +0 mace.
You die...

## # #. .
.###.#. ......
##. # #...#
.... #.##....
#.#..
#......###.....
# #....#...#
.... #.#o@..#.#
.#.# #)○....#
... ##...###
..# #...# #.###
. #..<# .......
#...# ..##...
#...# ......
...... ......
........


You could see an orc.

Vanquished Creatures
  The ghost of Hylith the Fighter, an amateur GnWn of Okawaru (D:3)
  A phantom (D:5)
  An ice beast (D:3)
  3 ogres
  A bullfrog (D:3)
  A howler monkey (D:4)
  A bullfrog skeleton (D:4)
  An orc priest (D:5)
  A centaur skeleton (D:5)
  Jessica (D:2)
  2 worker ants (D:4)
  2 orc wizards (D:5)
  Robin (D:2)
  3 gnolls (D:4)
  An adder (D:3)
  2 river rats (D:3)
  An ooze (D:1)
  4 worms
  5 dart slugs
  3 leopard geckos
  11 orcs (D:3)
  5 giant cockroaches
  9 hobgoblins
  A jackal (D:5)
  2 quokkas
  3 ball pythons
  12 bats
  12 frilled lizards
  11 goblins
  9 kobolds
  13 rats
124 creatures vanquished.

Notes
Turn   | Place    | Note
-------+----------+-------------------------------------------
     0 | D:1      | mhoghedin the Vampire Fighter began the quest for the Orb.
     0 | D:1      | Reached XP level 1. HP: 17/17 MP: 1/1
   365 | D:1      | Reached XP level 2. HP: 23/23 MP: 2/2
   568 | D:1      | Reached skill level 1 in Dodging
   852 | D:2      | Found a faded altar of an unknown god.
   866 | D:2      | Reached XP level 3. HP: 26/28 MP: 3/3
   913 | D:2      | Reached skill level 3 in Fighting
   916 | D:2      | Reached skill level 3 in Shields
  1013 | D:2      | Became a worshipper of Qazlal Stormbringer
  1013 | D:2      | Reached * piety under Qazlal
  1366 | D:2      | Noticed Robin
  1394 | D:2      | Killed Robin
  1395 | D:2      | Reached XP level 4. HP: 35/35 MP: 4/4
  1575 | D:2      | Noticed Jessica
  1591 | D:2      | Killed Jessica
  1779 | D:3      | Reached ** piety under Qazlal
  1985 | D:3      | Found a runed translucent door.
  1986 | D:3      | Noticed a bullfrog
  1986 | D:3      | Noticed Hylith's ghost (amateur GnWn)
  2150 | D:3      | Reached XP level 5. HP: 38/41 MP: 5/5
  2245 | D:3      | Reached skill level 3 in Armour
  2248 | D:3      | Reached skill level 2 in Dodging
  2248 | D:3      | Reached skill level 1 in Invocations
  2372 | D:3      | Noticed an ice beast
  2381 | D:3      | Killed an ice beast
  2381 | D:3      | Reached skill level 3 in Long Blades
  2515 | D:3      | Found a runed translucent door.
  2534 | D:3      | Reached XP level 6. HP: 31/47 MP: 7/7
  2543 | D:3      | HP: 5/47 [Hylith's ghost (10)]
  2544 | D:3      | Killed Hylith's ghost
  2544 | D:3      | Reached skill level 3 in Dodging
  2544 | D:3      | Reached skill level 2 in Invocations
  2554 | D:3      | HP: 6/48 [river rat (2)]
  3025 | D:4      | HP: 7/48 [worker ant (6)]
  3027 | D:4      | Reached XP level 7. HP: 8/53 MP: 8/8
  3029 | D:4      | Reached skill level 4 in Shields
  3164 | D:4      | Reached skill level 4 in Fighting
  3283 | D:4      | Found a transporter.
  3294 | D:4      | Noticed no0bjke's ghost (amateur GrFi)
  3299 | D:4      | Found a transporter.
  3473 | D:4      | Reached skill level 4 in Long Blades
  3492 | D:4      | Found Tadgh's Antique Weapon Emporium.
  3507 | D:4      | Reached *** piety under Qazlal
  3725 | D:5      | Entered Level 5 of the Dungeon
  3883 | D:5      | Reached skill level 4 in Armour
  3883 | D:5      | Reached XP level 8. HP: 43/61 MP: 10/10
  3995 | D:5      | Reached skill level 4 in Dodging
  4004 | D:5      | Reached skill level 3 in Invocations
  4008 | D:5      | HP: 12/61 [orc/+0 mace (7)]
  4015 | D:5      | HP: 7/61 [orc/+0 mace (4)]
  4017 | D:5      | HP: 1/61 [orc/+0 mace (6)]
  4018 | D:5      | Slain by an orc

Levels and vault maps discovered:
D:1:      grunt_arrival_crossed_arrows, layout_basic, serial_forest,
          infiniplex_forest_lined_2, infiniplex_forest_corner_2,
          infiniplex_forest_lined_2, infiniplex_forest_lined_room_2,
          infiniplex_forest_clump_double, infiniplex_forest_clump_small,
          infiniplex_forest_straight_2, infiniplex_forest_clump_medium,
          infiniplex_forest_straight_2
D:2:      layout_basic, first_ration, chequers_ecumenical_altar_island,
          uniq_robin, uniq_jessica
D:3:      minmay_angry_zag, layout_loops_corners, ebering_ghost_sewer_f,
          grunt_decor_resistance
D:4:      layout_loops_cross, gammafunk_ghost_smash, serial_shops,
          nicolae_shop_competitors_out_of_business,
          chequers_serial_rivers_micro_b
D:5:      layout_loops_cross

Skill      XL: |  1  2  3  4  5  6  7  8 |
---------------+-------------------------+-----
Dodging        | 1 2 3 4 |  4.0
Fighting       | 3 4 |  4.4
Shields        | 3 4 |  4.4
Armour         | 3 4 |  4.1
Invocations    | 1 2 3 |  3.0
Long Blades    | 3 4 |  4.3

Action                   |  1- 3 |  4- 6 |  7- 9 || total
-------------------------+-------+-------+-------++-------
Melee: Long sword        |   185 |   205 |   110 ||   500
       Bite              |    11 |    24 |    12 ||    47
Invok: Upheaval          |       |       |     1 ||     1
Evoke: Wand              |       |     1 |       ||     1
  Use: Potion            |     6 |     6 |     6 ||    18
       Scroll            |       |     5 |     1 ||     6
 Stab: Paralysed         |       |     6 |       ||     6
Armor: Scale mail        |    94 |    57 |    50 ||   201
Dodge: Dodged            |    55 |    58 |    44 ||   157
Block: Shield            |   105 |   126 |    76 ||   307
       Rpst.: Long sword |    19 |    23 |    16 ||    58

Table legend:
 A = Non-vault XP
 B = Vault XP
 C = Vault XP percentage of total XP
 D = Non-vault monster count
 E = Vault monster count
 F = Vault count percentage of total count
                 A         B        C        D         E       F
            +---------+---------+-------+---------+---------+-------
      Total |    1173 |     415 |  26.1 |     102 |      22 |  17.7
            +---------+---------+-------+---------+---------+-------
        D:1 |      31 |       0 |   0.0 |      18 |       0 |   0.0
        D:2 |      49 |      64 |  56.6 |      29 |       8 |  21.6
        D:3 |     217 |     351 |  61.8 |      33 |      14 |  29.8
        D:4 |     462 |       0 |   0.0 |      13 |       0 |   0.0
        D:5 |     414 |       0 |   0.0 |       9 |       0 |   0.0
            +---------+---------+-------+---------+---------+-------

Levels and vault maps discovered:
D:1:      grunt_arrival_crossed_arrows, layout_basic, serial_forest,
          infiniplex_forest_lined_2, infiniplex_forest_corner_2,
          infiniplex_forest_lined_2, infiniplex_forest_lined_room_2,
          infiniplex_forest_clump_double, infiniplex_forest_clump_small,
          infiniplex_forest_straight_2, infiniplex_forest_clump_medium,
          infiniplex_forest_straight_2
D:2:      layout_basic, first_ration, chequers_ecumenical_altar_island,
          uniq_robin, uniq_jessica
D:3:      minmay_angry_zag, layout_loops_corners, ebering_ghost_sewer_f,
          grunt_decor_resistance
D:4:      layout_loops_cross, gammafunk_ghost_smash, serial_shops,
          nicolae_shop_competitors_out_of_business,
          chequers_serial_rivers_micro_b
D:5:      layout_loops_cross

Table legend:
 A = Turns spent in this place as a percentage of turns spent in the entire game.
 B = Non-inter-level travel turns spent in this place as a percentage of non-inter-level travel turns spent in the entire game.
 C = Inter-level travel turns spent in this place as a percentage of turns spent in this place.
 D = Turns resting spent in this place as a percentage of non-inter-level travel turns spent in this place.
 E = Turns spent auto-exploring this place as a percentage of non-inter-level travel turns spent in this place.
 F = Non-inter-level travel turns spent in this place divided by the number of levels of this place that you've seen.
                   A       B       C       D       E      F
               +-------+-------+-------+-------+-------+----------------------
         Total | 100.0 | 100.0 |   5.0 |  11.5 |  61.3 | 763.4
       Dungeon | 100.0 | 100.0 |   5.0 |  11.5 |  61.3 | 763.4
               +-------+-------+-------+-------+-------+----------------------

Table legend:
 A = Kills in this place as a percentage of kills in entire the game.
 B = Kills by you in this place as a percentage of kills by you in the entire game.
 C = Kills by friends in this place as a percentage of kills by friends in the entire game.
 D = Other kills in this place as a percentage of other kills in the entire game.
 E = Experience gained in this place as a percentage of experience gained in the entire game.
 F = Experience gained in this place divided by the number of levels of this place that you have seen.
                   A       B       C       D       E      F
               +-------+-------+-------+-------+-------+----------------------
         Total | 100.0 | 100.0 |   N/A |   N/A | 100.0 | 317.6
       Dungeon | 100.0 | 100.0 |   N/A |   N/A | 100.0 | 317.6
               +-------+-------+-------+-------+-------+----------------------
